 Dungeon Crawl Stone Soup version 0.31.0-9-g3a7656b989 (webtiles) character file.

Game seed: 13308309946963905067

64 qw the Shooter (level 3, 0/20 HPs)
             Began as a Deep Elf Hunter on Feb 2, 2024.
             Slain by Grinder (4 damage)
             ... on level 3 of the Dungeon.
             The game lasted 00:00:06 (1675 turns).

qw the Shooter (Deep Elf Hunter)                    Turns: 1675, Time: 00:00:06

Health: 0/20       AC:  3    Str: 10    XL:     3   Next: 91%
Magic:  0/5        EV: 12    Int: 13    God:
Gold:   139        SH:  0    Dex: 18    Spells: 2/2 levels left

rFire   + . .        a - +0 shortbow (drain)
rCold   . . .        (shield currently unavailable)
rNeg    . . .        c - +0 leather armour
rPois   .            (no helmet)
rElec   .            (no cloak)
rCorr   .            (no gloves)
SInv    .            (no boots)
Will    .....        g - amulet of guardian spirit
Stlth   ++           j - ring of protection from fire
HPRegen 0.23/turn    (no ring)
MPRegen 0.09/turn

%: guardian spirit
@: about to teleport
A: no striking features
a: no special abilities


You were on level 3 of the Dungeon.
You visited 1 branch of the dungeon, and saw 3 of its levels.

You collected 139 gold pieces.


   Skills:
 - Level 1.5 Fighting
 + Level 7.3 Ranged Weapons
 - Level 2.4 Dodging
 - Level 1.2 Stealth


You had 2 spell levels left.
You didn't know any spells.
Your spell library was empty.

Inventory:

Hand Weapons
 a - a +0 shortbow of draining (weapon)
Armour
 c - a +0 leather armour (worn)
 i - a +0 scale mail
Jewellery
 g - an amulet of guardian spirit (around neck)
 j - a ring of protection from fire (left hand)
 m - a ring of see invisible
Scrolls
 d - a scroll of teleportation
Potions
 b - a potion of might
 e - a potion of degeneration {unknown}
 f - a potion of curing {unknown}
 h - 2 potions of haste {unknown}
 k - a potion of brilliance {unknown}
 l - a potion of enlightenment

Dungeon Overview and Level Annotations

Branches:
Dungeon (3/15)

Altars:
Ashenzari

Shops:
D:2 (

Annotations:
D:3 Grinder


Message History

Enter note:
Enter note:
Enter note:
Enter note:
Enter note: You shoot an arrow.
The arrow hits Grinder.
Grinder shouts!
Grinder is lightly wounded.
You shoot an arrow.
The arrow hits Grinder but does no damage.
Grinder is lightly wounded.
You shoot an arrow. The arrow barely misses Grinder.
You shoot an arrow. The arrow hits Grinder.
Grinder is lightly wounded.
You shoot an arrow.
The arrow hits Grinder but does no damage.
Grinder is lightly wounded.
You shoot an arrow. The arrow hits Grinder.
Grinder is moderately wounded.
Grinder hits you.
You writhe in agony.
You shoot an arrow. The arrow hits Grinder.
Grinder is moderately wounded.
Grinder says, "I used to sell toenails on the black market."
Grinder hits you.
You writhe in agony.
You shoot an arrow. The arrow hits Grinder.
Grinder is moderately wounded.
Grinder closely misses you.
You shoot an arrow. The arrow closely misses Grinder.
Grinder hits you.
You shoot an arrow. The arrow closely misses Grinder.
Grinder gestures at you. Pain shoots through your body!
1674 ||| READING 2 scrolls of teleportation.
As you read the scroll of teleportation, it crumbles to dust.
You feel strangely unstable. Grinder completely misses you.
You shoot an arrow. The arrow barely misses Grinder.
Grinder hits you.
You die...
Grinder sighs, "Dead already?
I want a refund."

.... #. #. .......#.#... ...
#...#. .......#:....
...##...##........#.....
...#.....#.....#........
...#.....#......###.....
........................
...................####....
...^......5........####....
.........@................
##....#...####....###..... ......
#.....#...# # #.#.......
......##.....#...# #.#.......
......##.....#...# ####.##[#+##+
......##.........# #.........<..
......##...##...#####.##.#####...
......##)..##....#....#..........
......##...##....#....#.....####.


You could see Grinder.

Vanquished Creatures
  An adder (D:3)
  2 ribbon worms
  3 dart slugs
  2 orcs (D:3)
  3 bats
  4 endoplasms
  A giant cockroach (D:2)
  2 goblins
  3 hobgoblins
  3 jackals (D:3)
  2 quokkas
  5 ball pythons
  A frilled lizard (D:2)
  5 kobolds
  4 rats
41 creatures vanquished.

Notes
Turn   | Place    | Note
-------+----------+-------------------------------------------
     0 | D:1      | qw the Deep Elf Hunter began the quest for the Orb.
     0 | D:1      | Reached XP level 1. HP: 12/12 MP: 3/3
     0 | D:1      | 0 ||| qw: Version: 0.3-a-155-g5e7d8dd
     0 | D:1      | 0 ||| qw: Game counter: 911
     0 | D:1      | 0 ||| qw: Melee chars always use a shield: true
     0 | D:1      | 0 ||| qw: God list: Okawaru
     0 | D:1      | 0 ||| qw: Allow faded altars: false
     0 | D:1      | 0 ||| qw: Do Orc after clearing Dungeon:15 true
     0 | D:1      | 0 ||| qw: Do second Lair branch before Depths: true
     0 | D:1      | 0 ||| qw: Lair rune preference: random
     0 | D:1      | 0 ||| qw: Goals: Normal
     0 | D:1      | 0 ||| PLANNING D:1-11
   179 | D:1      | Reached skill level 6 in Ranged Weapons
   179 | D:1      | Reached XP level 2. HP: 16/16 MP: 4/4
   796 | D:1      | 796 ||| UPGRADING to amulet of guardian spirit.
   801 | D:1      | 801 ||| READING 2 scrolls labelled ZAGUITYZYKH.
   805 | D:1      | 805 ||| READING scroll labelled YVUFEP AMNAU.
   805 | D:1      | 805 ||| BRANDING +0 shortbow.
   806 | D:1      | 806 ||| DROPPING scroll of butterflies.
   814 | D:2      | 814 ||| STAIRDANCE
   845 | D:2      | Found Eraschaqyu's Antique Weapon Boutique.
   853 | D:2      | 853 ||| SHOPLISTING glowing shortbow (144 gold, have 61).
   995 | D:2      | Reached XP level 3. HP: 20/20 MP: 5/5
  1400 | D:2      | 1400 ||| UPGRADING to ring of protection from fire.
  1401 | D:2      | 1401 ||| READING scroll labelled XEHIPHISULA.
  1401 | D:2      | 1401 ||| IDENTIFYING fuming ruby potion
  1402 | D:2      | 1402 ||| DRINKING 2 murky white potions.
  1467 | D:3      | Found a broken altar of Ashenzari.
  1548 | D:3      | Reached skill level 7 in Ranged Weapons
  1663 | D:3      | Noticed Grinder
  1673 | D:3      | HP: 4/20 [Grinder/nerve-wracking pain (2)]
  1674 | D:3      | 1674 ||| READING 2 scrolls of teleportation.
  1675 | D:3      | Slain by Grinder

Levels and vault maps discovered:
D:1:      minmay_arrival_four_houses, layout_basic
D:2:      layout_loops_cross, serial_shops, nicolae_diamond_shop
D:3:      layout_basic, nicolae_ashenzari_panopticon, uniq_grinder

Skill      XL: |  1  2  3 |
---------------+----------+-----
Ranged Weapons | 6 7 |  7.3
Fighting       | |  1.5
Dodging        | |  2.4
Stealth        | |  1.2

Action                     || total
---------------------------++-------
   Fire: Shortbow          ||   115
    Use: Scroll            ||     4
         Potion            ||     1
 Armour: Leather armour    ||    12
  Dodge: Dodged            ||    11

Table legend:
 A = Non-vault XP
 B = Vault XP
 C = Vault XP percentage of total XP
 D = Non-vault monster count
 E = Vault monster count
 F = Vault count percentage of total count
                 A         B        C        D         E       F
            +---------+---------+-------+---------+---------+-------
      Total |      92 |       0 |   0.0 |      41 |       0 |   0.0
            +---------+---------+-------+---------+---------+-------
        D:1 |      31 |       0 |   0.0 |      14 |       0 |   0.0
        D:2 |      22 |       0 |   0.0 |      13 |       0 |   0.0
        D:3 |      39 |       0 |   0.0 |      14 |       0 |   0.0
            +---------+---------+-------+---------+---------+-------
